 Seeded DCSS version 0.26.1 (webtiles) character file.

Game seed: 4650914458229190298 (custom seed)

1497 oldmanjim the Shield-Bearer (level 8, 0/73 HPs)
             Began as a Minotaur Fighter on Feb 7, 2021.
             Shot with an arrow by a centaur (5 damage)
             ... on level 6 of the Dungeon.
             The game lasted 00:24:19 (5425 turns).

oldmanjim the Shield-Bearer (Minotaur Fighter)      Turns: 5425, Time: 00:24:19

Health: 0/73       AC: 13    Str: 23    XL:     8   Next: 51%
Magic:  7/7        EV:  9    Int:  5    God:
Gold:   319        SH: 11    Dex: 10    Spells: 7/7 levels left

rFire    . . .     SeeInvis +   m - +6 dagger
rCold    . . .     Faith    .   c - +0 kite shield
rNeg     . . .     Spirit   .   F - +5 robe of Night {Dark Will+ SInv}
rPois    .         Reflect  .   J - +2 hat
rElec    .         Harm     .   x - scarf {+Inv}
rCorr    .         Rampage  .   (no gloves)
Will     +....                  (no boots)
Stlth    +.........             (no amulet)
HPRegen  0.22/turn              w - ring of see invisible
MPRegen  0.10/turn              D - +4 ring of protection

@: no status effects
A: retaliatory headbutt, horns 2
a: Evoke Invisibility


You were on level 6 of the Dungeon.
You visited 1 branch of the dungeon, and saw 6 of its levels.
You also visited: Sewer.

You collected 319 gold pieces.

Inventory:

Hand Weapons
 a - a +0 war axe
 j - a +2 whip of pain
 m - a +6 dagger (weapon)
Missiles
 e - 228 stones
 l - 29 sling bullets
 o - 11 boomerangs
 r - 4 curare-tipped darts
 u - 7 javelins
 v - 103 arrows
 B - 10 poisoned darts (quivered)
 I - 57 bolts
Armour
 b - a +0 scale mail
 c - a +0 kite shield (worn)
 x - a scarf of invisibility (worn)
 E - a +0 tower shield
 F - the +5 robe of Night (worn) {Dark Will+ SInv}
   (You found it on level 4 of the Dungeon)

   It affects your willpower, your defense against some magical effects.
   It lets you see invisible.
 J - a +2 hat (worn)
Jewellery
 w - a ring of see invisible (left hand)
 D - a +4 ring of protection (right hand)
Wands
 q - a wand of random effects (10)
 O - a wand of paralysis (9)
Scrolls
 h - 2 scrolls of teleportation {unknown}
 k - 2 scrolls of identify {unknown}
 s - a scroll of random uselessness {unknown}
 y - 3 scrolls of remove curse
 z - a scroll of fear {unknown}
 A - a scroll of enchant armour {unknown}
 C - a scroll of amnesia {unknown}
 G - 2 scrolls of blinking {unknown}
 H - a scroll of immolation {unknown}
 L - a scroll of enchant weapon {unknown}
 M - a scroll of noise {unknown}
Potions
 d - a potion of might
 f - 3 potions of curing {unknown}
 i - a potion of mutation {unknown}
 n - a potion of haste {unknown}
 p - 2 potions of resistance {unknown}
 t - a potion of attraction {unknown}
 K - a potion of degeneration {unknown}
 N - a potion of berserk rage {unknown}


   Skills:
 + Level 7.5 Fighting
 - Level 4.4 Axes
 - Level 6.0 Armour
 + Level 7.5 Shields
 + Level 4.5 Evocations


You had 7 spell levels left.
You didn't know any spells.
Your spell library was empty.

Dungeon Overview and Level Annotations

Branches:
Dungeon (6/15)              Sewer (visited)
 Temple: D:4-7

Altars:
Sif Muna


Innate Abilities, Weirdness & Mutations

You reflexively headbutt those who attack you in melee.
You have a pair of horns on your head.


Message History

The gnoll sergeant hits you but does no damage.
You hit the centaur. You headbutt the centaur.
The centaur is severely wounded.
You block the gnoll's attack. You block the centaur's attack.
The gnoll hits you from afar with a +0 spear!
* * * LOW HITPOINT WARNING * * *
The gnoll sergeant hits you from afar with a +0 spear.
* * * LOW HITPOINT WARNING * * *
The gnoll hits you from afar with a +0 spear.
* * * LOW HITPOINT WARNING * * *
The centaur wields a +0 shortbow.
The centaur shoots an arrow.
The arrow hits you.
* * * LOW HITPOINT WARNING * * *
The centaur shoots an arrow.
You block the arrow.
You see here an arrow.
As you read the scroll of fog, it crumbles to dust.
The scroll dissolves into smoke.
The centaur shoots an arrow.
The arrow barely misses you.
The centaur shoots an arrow.
The arrow hits you.
You die...

.......#............#..#
.......#...............#
......................#>
#...)gg.#...............
##..g#g###...##.......##
..g###.#########......#
.# #§c§§.# #.....##
#§§§§.# ... #§§@§.#
#(....# #.....# #.....#
###.... ......


You could see a centaur.

Vanquished Creatures
  Duvessa (D:6)
  An ogre (D:5)
  A phantom (D:5)
  3 bullfrogs
  A scorpion (D:4)
  Dowan (D:6)
  4 orc priests
  4 hounds
  An iguana (D:5)
  2 worker ants (D:5)
  7 orc wizards
  3 gnolls
  15 adders
  2 shadow imps
  An ufetubus (D:5)
  12 oozes (Sewer)
  5 worms
  4 dart slugs
  16 leopard geckos
  13 orcs
  8 bats
  16 giant cockroaches
  2 goblins (D:1)
  8 hobgoblins
  8 jackals (D:2)
  8 kobolds
  4 quokkas
  9 ball pythons
  A ball python skeleton (D:5)
  13 frilled lizards
  A leopard gecko zombie (D:5)
  8 rats
183 creatures vanquished.

Notes
Turn   | Place    | Note
-------+----------+-------------------------------------------
     0 | D:1      | oldmanjim the Minotaur Fighter began the quest for the Orb.
     0 | D:1      | Reached XP level 1. HP: 19/19 MP: 0/0
   204 | D:1      | Reached XP level 2. HP: 27/27 MP: 1/1
   489 | D:1      | Reached XP level 3. HP: 32/33 MP: 2/2
   992 | D:2      | Reached XP level 4. HP: 29/40 MP: 3/3
  1912 | D:3      | Reached XP level 5. HP: 47/47 MP: 4/4
  2437 | D:3      | Found a shimmering blue altar of Sif Muna.
  2735 | D:4      | Found the +5 robe of Night {Dark Will+ SInv}
  2826 | D:4      | Reached skill level 1 in Evocations
  3108 | D:4      | Reached skill level 5 in Fighting
  3108 | D:4      | Reached skill level 5 in Armour
  3108 | D:4      | Reached skill level 5 in Shields
  3108 | D:4      | Reached XP level 6. HP: 40/56 MP: 5/5
  3570 | D:5      | Entered Level 5 of the Dungeon
  3670 | D:5      | Reached XP level 7. HP: 25/61 MP: 6/6
  4026 | D:5      | Found a glowing drain.
  4058 | Sewer    | Entered a sewer
  4301 | Sewer    | Reached XP level 8. HP: 71/71 MP: 7/7
  5145 | D:6      | Noticed Dowan
  5154 | D:6      | Killed Dowan
  5158 | D:6      | Noticed Duvessa
  5168 | D:6      | Killed Duvessa
  5425 | D:6      | Shot with an arrow by a centaur

Illustrated notes

Levels and vault maps discovered:
D:1:      psy_arrival_basics, layout_basic
D:2:      layout_basic
D:3:      layout_basic, lemuel_round_altar
D:4:      layout_rooms
D:5:      minmay_spotlight, layout_gridville, gup_sewer_entry_bubbles,
          serial_park_tiny_1, cheibrodos_gnoll_hut
D:6:      minmay_goblin_kobold_castle, layout_rooms,
          minmay_temple_entry_enclosed_plants, uniq_grinder, uniq_duvessa

Skill      XL: |  1  2  3  4  5  6  7  8 |
---------------+-------------------------+-----
Fighting       | 4 5 6 7 |  7.5
Armour         | 4 5 6 |  6.0
Shields        | 4 5 6 7 |  7.5
Axes           | 3 4 |  4.4
Evocations     | 1 2 3 4 |  4.5

Action                   |  1- 3 |  4- 6 |  7- 9 || total
-------------------------+-------+-------+-------++-------
Melee: War axe           |    17 |       |       ||    17
       Headbutt          |    17 |    34 |    43 ||    94
       Whip              |    79 |   141 |       ||   220
       Dagger            |       |    30 |   301 ||   331
Throw: Stone             |     2 |       |       ||     2
       Boomerang         |       |     1 |       ||     1
  Use: Scroll            |       |     2 |     1 ||     3
       Potion            |       |       |     1 ||     1
Armor: Scale mail        |    38 |    42 |       ||    80
       Robe              |       |    13 |   140 ||   153
Dodge: Dodged            |    34 |    44 |    90 ||   168
Block: Kite shield       |    61 |    61 |   192 ||   314
